AoeStats
← arizaa85

Black Forest

506418673Analyzed
4v4 RM · 19d ago on Sep 13, 2026· 47m 35s· 8 players
Game mode
Random Map
Map size
Large (8 player)
Population
200
Speed
Normal
Resources
Standard
Victory
Conquest
Starting age
Dark Age
Ending age
Imperial Age
RankedLock teamsTeams togetherTeam positionsShared explorationLock speedFull tech treeHidden civsTurbo modeCheats
Victory
Defeat
🇬🇧 Goths · United Kingdom
887
+14
🇳🇱 Aztecs · Netherlands
886
+14
🇨🇳 Slavs · China
868
+15
🇭🇰 Turks · Hong Kong SAR China
837
+16
🇬🇧 Malians · United Kingdom
922
-17
🇩🇪 Khmer · Germany
836
-15
🇹🇷 Turks · Türkiye
815
-31
🇨🇴 Khmer · Colombia
791
-13
Dutchy91
12:36 Feudal Age
11:44 Loom
16:38 Castle Age
16:24 Horse Collar
16:32 Double-Bit Axe
17:31 Wheelbarrow
18:51 Heavy Plow
24:47 Hand Cart
29:06 Gold Mining
29:30 Caravan
31:39 Forging
31:29 Scale Mail Armor
31:46 Anarchy
32:31 Bow Saw
35:05 Imperial Age
33:31 Stone Mining
33:31 Town Watch
33:20 Man-at-Arms
34:01 Squires
34:06 Long Swordsman
35:27 Iron Casting
35:07 Chain Mail Armor
37:42 Imperial Age
35:52 Pikeman
37:38 Stone Shaft Mining
37:51 Two-Handed Swordsman
38:56 Conscription
38:44 Perfusion
38:06 Elite Huskarl
40:04 Chemistry
39:25 Ballistics
39:42 Crop Rotation
38:41 Champion
41:37 Blast Furnace
41:03 Champion
42:23 Halberdier
43:35 Masonry
43:21 Murder Holes
43:17 Heated Shot
Bart
0:27 Loom
16:34 Feudal Age
19:35 Wheelbarrow
22:11 Fletching
26:53 Castle Age
25:37 Double-Bit Axe
25:35 Horse Collar
25:48 Stone Mining
25:52 Gold Mining
26:09 Arson
25:56 Man-at-Arms
27:26 Forging
27:17 Scale Mail Armor
28:26 Crossbowman
28:58 Gambesons
29:14 Squires
29:23 Heavy Plow
30:07 Bow Saw
30:42 Bodkin Arrow
34:59 Gold Shaft Mining
35:16 Long Swordsman
36:05 Pikeman
37:18 Chain Mail Armor
37:51 Iron Casting
37:51 Padded Archer Armor
38:56 Hand Cart
38:28 Town Watch
43:36 Imperial Age
41:10 Town Patrol
41:29 Leather Archer Armor
41:18 Atlatl
43:45 Two-Handed Swordsman
43:55 Elite Skirmisher
45:32 Champion
46:15 Bracer
47:15 Blast Furnace
47:32 Conscription
47:34 Garland Wars
chentao_1209
0:40 Loom
13:55 Feudal Age
18:23 Castle Age
16:39 Double-Bit Axe
16:37 Horse Collar
17:46 Gold Mining
17:50 Stone Mining
18:41 Wheelbarrow
17:50 Fishing Lines
23:06 Bow Saw
26:22 Detinets
27:03 Caravan
27:14 Gillnets
29:03 Hand Cart
28:51 Heavy Plow
30:53 Scale Barding Armor
32:04 Gold Shaft Mining
34:35 Imperial Age
32:54 Coinage
33:21 Forging
33:32 Chain Barding Armor
35:09 Iron Casting
34:52 Elite Boyar
35:58 Conscription
35:26 Heavy Scorpion
36:12 Druzhina
38:24 Plate Barding Armor
38:50 Blast Furnace
38:53 Hoardings
42:50 Two-Man Saw
42:31 Banking
47:33 Fletching
47:44 Padded Archer Armor
鬼祟君_HK
11:21 Loom
14:10 Feudal Age
16:01 Wheelbarrow
15:33 Town Watch
15:33 Horse Collar
21:16 Castle Age
20:11 Fletching
20:17 Arson
20:59 Bloodlines
21:56 Man-at-Arms
22:41 Husbandry
22:42 Bodkin Arrow
22:47 Double-Bit Axe
22:44 Long Swordsman
24:16 Heavy Plow
25:44 Stone Mining
25:47 Gold Mining
26:40 Squires
26:50 Scale Mail Armor
29:23 Bow Saw
29:55 Hand Cart
30:31 Town Patrol
31:21 Caravan
31:35 Padded Archer Armor
33:02 Sipahi
33:45 Leather Archer Armor
36:04 Gold Shaft Mining
36:38 Murder Holes
39:36 Imperial Age
38:45 Coinage
39:19 Chain Mail Armor
40:19 Elite Janissary
42:05 Artillery
42:09 Bracer
42:57 Conscription
43:33 Fortified Wall
44:33 Ring Archer Armor
44:05 Arrowslits
arizaa85
1:05 Loom
15:27 Feudal Age
17:00 Wheelbarrow
16:12 Town Watch
18:38 Fishing Lines
20:28 Horse Collar
20:41 Double-Bit Axe
33:15 Castle Age
33:24 Castle Age
32:07 Gold Mining
32:42 Arson
32:21 Man-at-Arms
33:28 Bloodlines
35:19 Hand Cart
35:06 Town Patrol
34:40 Long Swordsman
35:25 Squires
36:41 Scale Barding Armor
36:48 Forging
36:40 Scale Mail Armor
36:41 Padded Archer Armor
36:33 Fletching
45:37 Imperial Age
44:11 Chain Mail Armor
45:40 Two-Handed Swordsman
46:58 Champion
Pino
0:35 Loom
15:12 Feudal Age
15:18 Man-at-Arms
16:14 Horse Collar
16:32 Arson
23:10 Double-Bit Axe
25:07 Town Watch
26:51 Scale Mail Armor
30:24 Castle Age
29:22 Stone Mining
29:24 Gold Mining
31:29 Fletching
31:08 Long Swordsman
31:55 Husbandry
32:08 Bloodlines
32:11 Bodkin Arrow
33:58 Chain Mail Armor
33:47 Heavy Plow
34:49 Town Patrol
36:00 Light Cavalry
37:50 Wheelbarrow
37:41 Light Cavalry
38:29 Scale Barding Armor
38:36 Forging
Mehaverage
éGo
12:59 Feudal Age
13:33 Double-Bit Axe
14:20 Gold Mining
15:42 Horse Collar
19:57 Castle Age
18:02 Stone Mining
22:18 Bow Saw
22:32 Heavy Plow
29:02 Gold Shaft Mining
30:00 Masonry
31:52 Forging
31:47 Scale Barding Armor
33:38 Iron Casting
35:38 Imperial Age
33:52 Stone Shaft Mining
34:06 Wheelbarrow
33:21 Town Watch
33:57 Caravan
35:16 Chain Barding Armor
34:58 Padded Archer Armor
34:49 Fletching
36:25 Ballistics
36:18 Fortified Wall
36:04 Murder Holes
36:32 Hand Cart
36:18 Town Patrol
37:02 Leather Archer Armor
36:52 Husbandry
37:03 Bloodlines
37:27 Elite Battle Elephant
39:11 Blast Furnace
38:46 Plate Barding Armor
39:13 Crop Rotation
39:21 Plate Barding Armor
39:23 Architecture
40:31 Tusk Swords
40:33 Double Crossbow
40:53 Conscription
42:30 Heavy Scorpion
43:26 Heavy Scorpion
44:04 Bodkin Arrow
44:40 Ring Archer Armor
47:23 Bracer
Connection lost

Rejoining the realm…

Still unreachable

The connection could not be restored.

Session expired

The server has moved on; the page needs a fresh start.